 Dungeon Crawl Stone Soup version 0.26-a0-737-g4e9f4955e2 (webtiles) character file.

Game seed: 11298137044935982325

8297 banebu the Carver (level 11, -17/97 HPs)
             Began as a Minotaur Berserker on Nov 4, 2020.
             Was a High Priest of Trog.
             Demolished by an orc warrior
             ... wielding a +0 trident
             ... led by an orc knight
              (23 damage)
             ... on level 9 of the Dungeon.
             The game lasted 00:45:06 (8281 turns).

banebu the Carver (Minotaur Berserker)              Turns: 8281, Time: 00:45:07

Health: -17/97     AC: 17    Str: 24    XL:     11   Next: 8%
Magic:  10/10      EV: 10    Int:  4    God:    Trog [*****.]
Gold:   579        SH:  5    Dex: 11    Spells: 10/10 levels left

rFire    . . .     SeeInvis +   a - +0 falchion
rCold    . . .     Faith    .   k - +0 buckler
rNeg     . . .     Spirit   .   b - +1 plate armour
rPois    +         Reflect  .   I - +1 hat
rElec    .         Harm     .   y - +0 cloak
rCorr    .         Rampage  .   (no gloves)
MR       .....                  (no boots)
Stlth    ..........             (no amulet)
HPRegen  0.26/turn              A - ring of poison resistance
MPRegen  0.12/turn              l - ring of see invisible

@: berserk cooldown, slowed, very slow
A: retaliatory headbutt, horns 2
a: Berserk, Trog's Hand, Brothers in Arms, Renounce Religion


You were on level 9 of the Dungeon.
You worshipped Trog.
Trog was extremely pleased with you.
You visited 2 branches of the dungeon, and saw 10 of its levels.
You also visited: Ossuary.

You collected 579 gold pieces.

Inventory:

Hand Weapons
 a - a +0 falchion (weapon)
 D - a +0 shortbow
Missiles
 c - 4 atropa-tipped darts
 e - 259 arrows
 f - 88 bolts
 g - 10 poisoned darts (quivered)
 j - 13 curare-tipped darts
Armour
 b - a +1 plate armour (worn)
 k - a +0 buckler (worn)
 y - a +0 cloak (worn)
 I - a +1 hat (worn)
Jewellery
 i - an uncursed ring of fire
 l - a ring of see invisible (right hand)
 p - an uncursed ring of resist corrosion
 A - a ring of poison resistance (left hand)
 H - a +6 ring of intelligence
Wands
 u - a wand of paralysis (10)
 v - a wand of polymorph (17)
 E - a wand of disintegration (10)
 F - a wand of random effects (37)
 J - a wand of iceblast (9)
Scrolls
 x - 4 scrolls of magic mapping
 C - 4 scrolls of blinking
 K - a scroll of teleportation
Potions
 d - 2 potions of might
 h - 2 potions of haste
 m - a potion of heal wounds {unknown}
 n - 4 potions of curing
 o - 3 potions of stabbing
 q - 2 potions of lignification {unknown}
 r - 2 potions of flight {unknown}
 s - a potion of resistance {unknown}
 t - 3 potions of cancellation {unknown}
 w - 3 potions of degeneration {unknown}
 z - a potion of mutation {unknown}
 B - a potion of berserk rage {unknown}
 G - a potion of invisibility {unknown}


   Skills:
 + Level 9.4 Fighting
 * Level 12.4 Long Blades
 + Level 9.0 Armour
 + Level 8.2 Dodging
 - Level 6.9 Shields


You had 10 spell levels left.
You didn't know any spells.
Your spell library was empty.

Dungeon Overview and Level Annotations

Branches:
Dungeon (9/15)             Temple (0/1) D:7             Orc (1/2) D:9
Ossuary (visited)
   Lair: D:8-11

Altars:
Cheibriados
Dithmenos
Elyvilon
Fedhas
Gozag
Hepliaklqana
Makhleb
Nemelex Xobeh
Qazlal
Sif Muna
Trog
Uskayaw
Xom
Yredelemnul
Zin
The Shining One

Shops:
D:4 !   D:6 *   D:7 (*

Annotations:
D:7 exclusion: oklob plant


Innate Abilities, Weirdness & Mutations

You reflexively headbutt those who attack you in melee.
You have a pair of horns on your head.


Message History

You kill the orc!
Trog accepts your kill.
You climb upwards.
Welcome back to the Dungeon!
There is a staircase to the Orcish Mines here.
You closely miss the warg. You headbutt the warg!
The warg is moderately wounded.
The orc warrior barely misses you.
You riposte.
You hit the orc warrior but do no damage.
Your headbutt misses the orc warrior.
The orc warrior is severely wounded.
You block the warg's attack. You block the orc warrior's attack.
You slash the warg!
The warg is severely wounded.
The warg bites you!
* * * LOW HITPOINT WARNING * * *
You block the orc's attack.
The orc warrior hits you with a +0 glaive!
* * * LOW HITPOINT WARNING * * *
The orc warrior hits you with a +0 trident!!
You die...

.....####..).....'...#.......#
##.### #........#######..####
...# ###.###### #..# .###
#....# ###.####### ##
####.##### #.........# #
#.......###.........#
#..#####..#......<..##
#..#.ho##.#.........#.
#..#o@.##...........#.
#..#..o####........)#.
#####'## #........... #8.8##
#.........## ###.#.#
######.#### #.....## ####.#
###### ##......####....#
.....# ####.........##.####
.....#
##.............#########


You could see a warg, 2 orc warriors and an orc.

Vanquished Creatures
  Gastronok (D:9)
  A centaur warrior (D:8)
  A two-headed ogre (D:9)
  The ghost of kuniqs the Cleaver, a novice MiGl of Cheibriados (D:8)
  Maggie (D:7)
  Sigmund (D:2)
  A vampire (D:9)
  4 yaks (D:9)
  An ice beast (D:9)
  4 sky beasts
  3 ogres
  3 orc warriors
  2 phantoms
  3 centaurs
  2 elf zombies (Ossuary)
  Blork the orc (D:4)
  A wyvern zombie (D:6)
  2 bullfrogs
  2 scorpions
  3 killer bees (D:9)
  5 wights (D:6)
  3 howler monkeys
  2 centaur zombies
  7 orc priests
  2 human zombies (Ossuary)
  2 jellies
  4 hounds
  A gnoll shaman (D:8)
  2 bullfrog skeletons
  7 orc wizards
  4 iguanas
  2 worker ants
  A hound zombie (Ossuary)
  3 mummies (Ossuary)
  A hound skeleton (D:4)
  A worker ant zombie (D:8)
  9 adders
  3 white imps
  An ufetubus (D:7)
  An ooze (D:1)
  5 adder zombies
  3 worms
  5 dart slugs
  4 leopard geckos
  44 orcs
  7 bats
  2 giant cockroaches
  4 goblins
  10 hobgoblins
  11 jackals
  5 quokkas
  4 ball pythons
  4 frilled lizards
  A gnoll zombie (Ossuary)
  2 goblin zombies (Ossuary)
  6 hobgoblin zombies (Ossuary)
  4 jackal zombies (Ossuary)
  5 kobolds
  3 kobold zombies (Ossuary)
  2 orc zombies (Ossuary)
  5 quokka zombies (Ossuary)
  9 rats
  A rat zombie (Ossuary)
  A butterfly (D:7)
246 creatures vanquished.

Vanquished Creatures (collateral kills)
  An orc warrior (Orc:1)
  2 orc priests (Orc:1)
  2 orcs (Orc:1)
5 creatures vanquished.

Vanquished Creatures (others)
  A quokka (D:3)
  A fungus (D:7)
  A plant (D:7)
3 creatures vanquished.

Grand Total: 254 creatures vanquished

Notes
Turn   | Place    | Note
-------+----------+-------------------------------------------
     0 | D:1      | banebu the Minotaur Berserker began the quest for the Orb.
     0 | D:1      | Reached XP level 1. HP: 19/19 MP: 0/0
   164 | D:1      | Reached XP level 2. HP: 27/27 MP: 1/1
   191 | D:1      | Reached skill level 1 in Shields
   193 | D:1      | Reached skill level 4 in Long Blades
   299 | D:1      | Reached XP level 3. HP: 26/33 MP: 2/2
   368 | D:1      | Reached ** piety under Trog
   555 | D:2      | Noticed Sigmund
   567 | D:2      | Killed Sigmund
   567 | D:2      | Reached skill level 5 in Long Blades
   567 | D:2      | Reached XP level 4. HP: 20/41 MP: 3/3
   567 | D:2      | Reached XP level 5. HP: 23/47 MP: 4/4
  1467 | D:3      | Reached XP level 6. HP: 53/53 MP: 5/5
  1933 | D:3      | Found a white marble altar of Elyvilon.
  1950 | D:3      | Reached *** piety under Trog
  2012 | D:3      | Found a glowing silver altar of Zin.
  2014 | D:3      | Found a bloodstained altar of Trog.
  2343 | D:4      | Found a snail-covered altar of Cheibriados.
  2696 | D:4      | Found a basalt altar of Yredelemnul.
  2757 | D:4      | Reached skill level 6 in Long Blades
  2757 | D:4      | Reached XP level 7. HP: 52/60 MP: 6/6
  2790 | D:4      | Noticed Blork the orc
  2807 | D:4      | Found a shimmering blue altar of Sif Muna.
  2820 | D:4      | Killed Blork the orc
  3126 | D:4      | Found Qytyppirph's Distillery.
  3136 | D:4      | Reached skill level 5 in Fighting
  3446 | D:5      | Entered Level 5 of the Dungeon
  3451 | D:5      | Found a hide-covered altar of Uskayaw.
  3459 | D:5      | Reached skill level 5 in Shields
  3472 | D:5      | Found a glowing golden altar of the Shining One.
  3482 | D:5      | Found a sand-covered staircase.
  3508 | Ossuary  | Entered an ossuary
  3746 | Ossuary  | Reached skill level 7 in Long Blades
  3746 | Ossuary  | Reached XP level 8. HP: 59/69 MP: 7/7
  3959 | D:5      | Reached **** piety under Trog
  4307 | D:5      | Reached skill level 5 in Armour
  4539 | D:6      | Found Gozag's Platinum Reserve.
  4547 | D:6      | Found an opulent altar of Gozag.
  4640 | D:6      | Reached skill level 8 in Long Blades
  4640 | D:6      | Reached skill level 5 in Dodging
  5005 | D:6      | Reached XP level 9. HP: 77/78 MP: 8/8
  5072 | D:7      | Noticed Maggie
  5108 | D:7      | Killed Maggie
  5137 | D:7      | Found a burning altar of Makhleb.
  5141 | D:7      | Reached skill level 9 in Long Blades
  5160 | D:7      | Found Gyisuntoen's Lightly-Used Armoury.
  5187 | D:7      | Found a stormy altar of Qazlal.
  5226 | D:7      | Found a blossoming altar of Fedhas.
  5246 | D:7      | Noticed an oklob plant
  5391 | D:7      | Found Utier's Antique Weapon Shoppe.
  5411 | D:7      | Found a staircase to the Ecumenical Temple.
  5648 | D:7      | Found a shimmering altar of Xom.
  6036 | D:8      | Found a transporter.
  6037 | D:8      | Noticed a centaur warrior
  6037 | D:8      | Noticed kuniqs's ghost (novice MiGl)
  6038 | D:8      | Found a transporter.
  6086 | D:8      | Killed kuniqs's ghost
  6086 | D:8      | Reached ***** piety under Trog
  6086 | D:8      | Reached skill level 10 in Long Blades
  6093 | D:8      | Killed a centaur warrior
  6099 | D:8      | Reached XP level 10. HP: 23/88 MP: 9/9
  6257 | D:8      | Found a sparkling altar of Nemelex Xobeh.
  6659 | D:8      | Found a hazy altar of Hepliaklqana.
  6878 | D:9      | Reached skill level 11 in Long Blades
  6910 | D:9      | Noticed a two-headed ogre
  7300 | D:9      | Got a pair of faintly glowing gloves
  7306 | D:9      | Identified the +2 pair of gloves "Roihuter" {rF+++ rCorr
                  | Int+4 Slay-3} (You found it on level 9 of the Dungeon)
  7338 | D:9      | Killed a two-headed ogre
  7528 | D:9      | Found a staircase to the Orcish Mines.
  7555 | D:9      | Noticed Gastronok
  7575 | D:9      | Killed Gastronok
  7575 | D:9      | Reached skill level 12 in Long Blades
  7575 | D:9      | Reached XP level 11. HP: 47/97 MP: 10/10
  7862 | D:9      | Found a shadowy altar of Dithmenos.
  8256 | Orc:1    | Entered Level 1 of the Orcish Mines
  8259 | Orc:1    | Noticed an orc knight
  8281 | D:9      | Demolished by an orc warrior

Illustrated notes

Levels and vault maps discovered:
D:1:      sevenhm_arrival_forest_fort_small_6, layout_basic,
          minmay_crystal_water
D:2:      layout_basic, minivault_19, uniq_sigmund
D:3:      layout_loops_corners, chequers_temple_overflow_statue_of_worship,
          elyvilon_altar_4
D:4:      layout_gridville, yredelemnul_altar_generic, cheibriados_altar_1,
          tgw_sif, serial_shops, shop
D:5:      layout_basic, kennysheep_mini, enter_ossuary_1, basic_altar
D:6:      layout_basic, nicolae_gozag_zags_fifth_avenue
D:7:      layout_cave_pools, tgw_fedhas, xom_butterflies, old_standard_altar,
          nicolae_qazlal_general_emergency, minmay_temple_entry_water_ring,
          serial_shops, shop, hex_medium, minmay_shop_damaged,
          minmay_door_square, minivault_1, uniq_maggie
D:8:      layout_loops_ring, overflow_temple_1_default,
          overflow_temple_1_default, gammafunk_ghost_arena
D:9:      layout_roguey, kennysheep_little_box, hiddenorc1_lemuel,
          hangedman_abyss_or_decor_lesser_grid, grunt_ministairs_4,
          chequers_serial_rivers_large_a, uniq_gastronok
Orc:1:    layout_caves

Skill      XL: |  1  2  3  4  5  6  7  8  9 10 11 |
---------------+----------------------------------+-----
Shields        | 1 3 4 5 6 |  6.9
Long Blades    | 4 5 6 7 8 10 12 | 12.4
Fighting       | 4 5 6 7 9 |  9.4
Armour         | 3 4 5 7 8 9 |  9.0
Dodging        | 3 4 5 6 8 |  8.2

Action                   |  1- 3 |  4- 6 |  7- 9 | 10-12 || total
-------------------------+-------+-------+-------+-------++-------
Melee: Falchion          |    42 |   163 |   409 |   220 ||   834
       Headbutt          |     8 |    37 |    88 |    47 ||   180
 Fire: Shortbow          |       |       |    18 |       ||    18
Throw: Dart              |       |       |     8 |       ||     8
Invok: Berserk           |     1 |     1 |     4 |     8 ||    14
       Brothers in Arms  |       |       |       |     1 ||     1
  Use: Scroll            |     4 |     6 |     4 |     6 ||    20
Armor: Animal skin       |     4 |       |       |       ||     4
       Leather armour    |     1 |     1 |       |       ||     2
       Plate armour      |       |    80 |   206 |    89 ||   375
Dodge: Dodged            |    26 |    47 |   147 |    91 ||   311
Block: Buckler           |    10 |    37 |    85 |    52 ||   184
       Rpst.: Falchion   |     9 |    13 |    47 |    17 ||    86

Table legend: (Time is in decaauts)
 A = Elapsed time spent in this place.
 B = Non-inter-level travel time spent in this place.
 C = Inter-level travel time spent in this place.
 D = Time resting spent in this place.
 E = Time spent auto-exploring this place.
 F = Levels seen in this place.
 G = Mean time per level.
                   A        B        C        D        E       F      G
               +--------+--------+--------+--------+--------+-----+--------+
         Total |   8324 |   7670 |    654 |    298 |   1614 |  11 |  756.7 |
       Dungeon |   7973 |   7319 |    654 |    298 |   1614 |   9 |  885.9 |
  Orcish Mines |     13 |     13 |      0 |      0 |      0 |   1 |   13.0 |
       Ossuary |    337 |    337 |      0 |      0 |      0 |   1 |  337.0 |
               +--------+--------+--------+--------+--------+-----+--------+

Top non-repeatable levels by time:
     D:9: 1487 daAuts
     D:4: 1248 daAuts
     D:7: 943 daAuts
     D:3: 854 daAuts
     D:2: 821 daAuts
     D:8: 769 daAuts
     D:5: 646 daAuts
     D:6: 644 daAuts
     D:1: 557 daAuts
 Ossuary: 337 daAuts
   Orc:1: 13 daAuts
